 Dungeon Crawl Stone Soup version 0.27.1-3-gb3d3a73c9e (webtiles) character file.

Game seed: 191189633898509398

149 horus123 the Magician (level 5, -7/29 HPs)
             Began as a Deep Elf Hedge Wizard on Oct 13, 2021.
             Killed by divine providence
             ... invoked by an orc priest
              (10 damage)
             ... on level 3 of the Dungeon.
             The game lasted 00:10:25 (2870 turns).

horus123 the Magician (Deep Elf Hedge Wizard)       Turns: 2870, Time: 00:10:26

Health: -7/29      AC:  7    Str:  7    XL:     5   Next: 9%
Magic:  5/15       EV: 12    Int: 20    God:
Gold:   62         SH:  0    Dex: 14    Spells: 7/16 levels left

rFire    . . .     SeeInvis .   e - +0 dagger (venom)
rCold    . . .     Faith    .   (no shield)
rNeg     . . .     Spirit   .   b - +0 robe
rPois    .         Reflect  .   i - +2 helmet
rElec    .         Harm     .   h - +0 cloak
rCorr    .         Rampage  .   (no gloves)
Will     .....                  j - +0 pair of boots
Stlth    ++........             q - amulet of magic regeneration
HPRegen  0.09/turn              (no ring)
MPRegen  0.39/turn              (no ring)

@: very slightly contaminated
A: no striking features
a: no special abilities


You were on level 3 of the Dungeon.
You visited 1 branch of the dungeon, and saw 3 of its levels.

You collected 116 gold pieces.
You spent 54 gold pieces at shops.

Inventory:

Hand Weapons
 a - a +0 dagger
 e - a +0 dagger of venom (weapon)
 r - a +4 quarterstaff of chaos
Missiles
 d - 83 stones
Armour
 b - a +0 robe (worn)
 c - a +0 hat
 h - a +0 cloak (worn)
 i - a +2 helmet (worn)
 j - a +0 pair of boots (worn)
Jewellery
 k - an amulet of the acrobat
 q - an amulet of magic regeneration (around neck)
Scrolls
 n - 4 scrolls of amnesia {unknown}
 o - a scroll of noise {unknown}
Potions
 f - 2 potions of might
 g - a potion of flight {unknown}
 l - 2 potions of magic {unknown}
 m - a potion of curing {unknown}
 p - a potion of haste {unknown}


   Skills:
 * Level 1.1 Fighting
 * Level 1.6 Short Blades
 + Level 2.5 Dodging
 + Level 3.0 Stealth
 * Level 6.4 Spellcasting
 + Level 1.4 Conjurations
 + Level 1.5 Summonings
 + Level 1.1 Translocations


You had 7 spell levels left.
You knew the following spells:

 Your Spells              Type           Power      Damage    Failure   Level
a - Magic Dart            Conj           48%        1d5       5%          1
b - Call Imp              Summ           12%        N/A       9%          2
c - Mephitic Cloud        Conj/Pois/Air  8%         N/A       26%         3
d - Call Canine Familiar  Summ           12%        N/A       16%         3

Your spell library contained the following spells:

 Spells                   Type           Power      Damage    Failure   Level
 Summon Small Mammal      Summ           48%        N/A       5%          1
 Blink                    Tloc           N/A        N/A       10%         2
 Slow                     Hex            6%         N/A       16%         2
 Conjure Flame            Conj/Fire      9%         6-21      22%         3
 Summon Guardian Golem    Hex/Summ       9%         N/A       22%         3
 Petrify                  Tmut/Erth      6%         N/A       69%         4
 Fireball                 Conj/Fire      4%         3d4       91%         5
 Irradiate                Conj/Tmut      4%         3d14      91%         5
 Freezing Cloud           Conj/Ice/Air   4%         6-21      93%         5
 Blade Hands              Tmut           3%         N/A       95%         5
 Starburst                Conj/Fire      4%         6d4       100%        6
 Ignition                 Fire           3%         3d4       100%        8


Dungeon Overview and Level Annotations

Branches:
Dungeon (3/15)

Altars:

Shops:
D:2 [


Message History

Your white imp disappears in a puff of smoke!
Casting: Call Canine Familiar (quite dangerous; 16% risk of failure)
Confirm with . or Enter, or press ? or * to list all spells.
A beastly little devil appears in a puff of flame.
The orc priest invokes the aid of Beogh against you.
Beogh smites you!
Ouch! That really hurt!
* * * LOW HITPOINT WARNING * * *
You swap places.
Your crimson imp hits the nameless horror.
The nameless horror closely misses your crimson imp.
Your crimson imp barely misses the nameless horror.
The nameless horror closely misses your crimson imp.
Casting: Call Imp (safe; 9% risk of failure)
Confirm with . or Enter, or press ? or * to list all spells.
You miscast Call Imp.
Nothing appears to happen.
Your crimson imp hits the nameless horror.
The nameless horror hits your crimson imp!
Your crimson imp's magic leaks into the air.
Casting: Call Imp (safe; 9% risk of failure)
Confirm with . or Enter, or press ? or * to list all spells.
A beastly little devil appears in a puff of flame.
Your crimson imp hits the nameless horror.
Send 'em back where they came from!
Your crimson imp shudders. x2
The orc priest hits your crimson imp with a +0 dagger.
Your crimson imp barely misses the orc priest.
Your crimson imp blinks!
Send 'em back where they came from!
Your crimson imp shudders.
Your crimson imp disappears in a puff of smoke!
The orc priest hits your crimson imp but does no damage.
Your crimson imp falters for a moment.
Send 'em back where they came from!
Your crimson imp disappears in a puff of smoke!
A hobgoblin comes into view.
The hobgoblin shouts!
The orc priest invokes the aid of Beogh against you.
Beogh smites you!
You die...

#...................#
#.............§§§....
#######....................
####.....................####.
#.............#########.......
#............g....#####.......
#.....................#.......
#..................oX.........
####.........@#...............
#..........#...............
##..........#..[...........[
#...........#...............
#.......................####
#....#..................#
#.........................
###.................†......
##..♣......................


You could see a nameless horror, an orc priest and a hobgoblin.

Vanquished Creatures
  Natasha (D:2)
  2 adders
  5 ball pythons
  An endoplasm (D:2)
  5 goblins
  4 hobgoblins
  4 quokkas
  5 bats
  2 frilled lizards
  A jackal skeleton (D:3)
  3 kobolds (D:1)
  6 rats
39 creatures vanquished.

Vanquished Creatures (collateral kills)
  An orc priest (D:3)
  Crazy Yiuf (D:2)
  Natasha (twice) (D:2)
  A nameless horror (D:3)
  An adder (D:2)
  An ufetubus (D:2)
  4 orcs (D:3)
  2 ball pythons
  An endoplasm (D:1)
  A goblin (D:2)
  A bat (D:2)
  A rat (D:2)
17 creatures vanquished.

Vanquished Creatures (others)
  A fungus (D:2)
1 creature vanquished.

Grand Total: 57 creatures vanquished

Notes
Turn   | Place    | Note
-------+----------+-------------------------------------------
     0 | D:1      | horus123 the Deep Elf Hedge Wizard began the quest for the
                  | Orb.
     0 | D:1      | Reached XP level 1. HP: 10/10 MP: 7/7
    82 | D:1      | Found a faded altar of an unknown god.
    94 | D:1      | Got the Reference Book on Flying Transformation
   513 | D:1      | Reached XP level 2. HP: 15/15 MP: 4/9
   526 | D:1      | Learned a level 2 spell: Call Imp
   943 | D:1      | Reached skill level 5 in Spellcasting
  1384 | D:2      | Found Zadoh's Armour Boutique.
  1388 | D:2      | Noticed Natasha
  1391 | D:2      | Killed Natasha
  1392 | D:2      | Reached skill level 1 in Short Blades
  1392 | D:2      | Reached XP level 3. HP: 20/20 MP: 4/11
  1435 | D:2      | Bought a +0 pair of boots for 54 gold pieces
  1519 | D:2      | Learned a level 3 spell: Mephitic Cloud
  1791 | D:2      | Noticed Natasha
  1803 | D:2      | Killed Natasha
  1804 | D:2      | Reached skill level 1 in Fighting
  1804 | D:2      | Reached XP level 4. HP: 25/25 MP: 7/13
  1846 | D:2      | Noticed Natasha
  1875 | D:2      | Killed Natasha
  2051 | D:2      | You fall into a shaft and drop 1 floor!
  2055 | D:3      | Reached skill level 6 in Spellcasting
  2102 | D:2      | Learned a level 3 spell: Call Canine Familiar
  2290 | D:2      | Found a runed translucent door.
  2291 | D:2      | Noticed Crazy Yiuf
  2589 | D:2      | Killed Crazy Yiuf
  2848 | D:3      | Noticed a nameless horror
  2850 | D:3      | Reached XP level 5. HP: 16/29 MP: 6/15
  2850 | D:3      | Noticed a nameless horror
  2870 | D:3      | Killed from afar by an orc priest

Illustrated notes

Levels and vault maps discovered:
D:1:      evilmike_arrival_rings, layout_basic, basic_ecumenical_altar
D:2:      layout_loops_cross, serial_shops, shop, st_stairs_7,
          grunt_decor_resistance, uniq_natasha, uniq_crazy_yiuf_cottage
D:3:      layout_basic, grunt_ministairs_9

Skill      XL: |  1  2  3  4 |
---------------+-------------+-----
Spellcasting   | 5 6 |  6.4
Short Blades   | 1 |  1.6
Fighting       | 1 |  1.1
Stealth        | 3 |  3.0
Dodging        | |  2.5
Conjurations   | |  1.4
Summonings     | |  1.5
Translocations | |  1.1

Action                   |  1- 3 |  4- 6 || total
-------------------------+-------+-------++-------
Melee: Dagger            |     8 |    20 ||    28
 Cast: Magic Dart        |    56 |    20 ||    76
       Call Imp          |    12 |    14 ||    26
       Call Canine Famil |       |     3 ||     3
  Use: Scroll            |       |     1 ||     1
 Stab: Sleeping          |     1 |     1 ||     2
Armor: Robe              |     8 |     7 ||    15
Dodge: Dodged            |    16 |    17 ||    33
